 Dungeon Crawl Stone Soup version 0.18.1-48-g4cf74bf (webtiles) character file.

130923 ourship the Slayer (level 17, -4/176 HPs)
             Began as a Hill Orc Fighter on July 4, 2016.
             Was a High Priest of Trog.
             Slain by an eight-headed hydra (7 damage)
             ... called by a spriggan druid
             ... on level 4 of the Swamp on July 5, 2016.
             The game lasted 03:29:11 (37566 turns).

ourship the Slayer (Hill Orc Fighter)              Turns: 37566, Time: 03:29:12

Health: -4/176     AC: 30    Str: 25    XL:     17   Next: 9%
Magic:  0/17       EV:  5    Int:  9    God:    Trog [*****.]
Gold:   617        SH: 11    Dex: 10    Spells: 0 memorised, 16 levels left

rFire  . . .     SeeInvis .     d - +7 broad axe (flame)
rCold  + + .     Gourm    .     m - +3 gold dragon armour
rNeg   . . .     Faith    .     E - +0 shield {reflect}
rPois  +         Spirit   +     A - +0 helmet
rElec  +         Dismiss  .     Z - +2 cloak
rCorr  .         Reflect  +     (no gloves)
SustAt .         Harm     .     K - +0 pair of boots
MR     +....                    P - amulet of guardian spirit
Stlth  ..........               y - ring of poison resistance
                                J - ring of ice

@: exhausted, flying, very slightly contaminated, slowed, invisible, very slow,
somewhat resistant to hostile enchantments, extremely unstealthy
A: blink, electricity resistance, wild magic 1, evolution 1, sturdy frame 1
a: Blink, Berserk, Trog's Hand, Brothers in Arms, Burn Spellbooks, Renounce
Religion


You were on level 4 of the Swamp.
You worshipped Trog.
Trog was extremely pleased with you.
You were hungry.

You visited 5 branches of the dungeon, and saw 28 of its levels.
You visited the Abyss 1 time.
You also visited: Ice Cave.

You collected 2288 gold pieces.
You spent 1575 gold pieces at shops.

Inventory:

Hand Weapons
 d - a +7 broad axe of flaming (weapon)
 g - a +5 glaive of freezing
 p - a +1 demon trident of electrocution
Armour
 m - a +3 gold dragon armour (worn)
 A - a +0 helmet (worn)
 E - a +0 shield of reflection (worn)
 G - the +1 ring mail of Qeynn {*Corrode rPois Dex+6}
   (You bought it in a shop on level 13 of the Dungeon)

   It affects your dexterity (+6).
   It protects you from poison.
   It may corrode you when you take damage.
 K - a +0 pair of boots (worn)
 Q - a +0 pair of boots
 Z - a +2 cloak (worn)
Jewellery
 y - a ring of poison resistance (right hand)
 z - an uncursed ring of protection from fire
 H - an uncursed ring of see invisible
 J - a ring of ice (left hand)
 P - an amulet of guardian spirit (around neck)
 R - an uncursed ring of sustain attributes
 V - an uncursed ring of positive energy
Wands
 b - a wand of teleportation (6/9)
 l - a wand of digging (14/24)
 r - a wand of digging (12/24)
 M - a wand of lightning (6/15)
 N - a wand of digging (12/24)
Scrolls
 a - a scroll of identify
 j - a scroll of recharging
 o - 5 scrolls of remove curse
 t - a scroll of silence
 u - a scroll of enchant armour
 w - 2 scrolls of magic mapping
Potions
 c - a potion of mutation
 e - a potion of cancellation {unknown}
 h - 2 potions of resistance
 k - 7 potions of curing
 q - 2 potions of invisibility
 v - 3 potions of brilliance
 x - 3 potions of ambrosia
 B - 4 potions of berserk rage
 C - 2 potions of magic
 F - 3 potions of cure mutation
 I - 6 potions of flight
 W - a potion of might
Miscellaneous
 n - a legendary deck of wonders {drawn: 9}
 L - an ornate deck of summoning {drawn: 1}
 O - an ornate deck of wonders
Comestibles
 f - 17 bread rations
 i - 13 meat rations
 s - a chunk of flesh
 D - a royal jelly


   Skills:
 + Level 22.2 Fighting
 + Level 18.9(19.1) Axes
 - Level 3.5(11.5) Polearms
 + Level 15.6 Armour
 + Level 8.2 Shields


You had 16 spell levels left.
You didn't know any spells.

Dungeon Overview and Level Annotations

Branches:
Dungeon (13/15) Temple (1/1) D:5 Lair (8/8) D:11 Swamp (4/4) Lair:4 Snake (0/4) Lair:5 Orc (2/2) D:11 Elf (0/3) Orc:2 Vaults (0/5) D:12 D:13 Slime: Lair:6-8

Altars:
Ashenzari
Cheibriados
Elyvilon
Fedhas
Gozag
Kikubaaqudgha
Makhleb
Okawaru
Pakellas
Qazlal
Ru
Sif Muna
Trog
Vehumet
Xom
Yredelemnul
Zin
The Shining One
Beogh

Shops:
D:13 *   Orc:2 =*[(

Annotations:
D:2 Sigmund
Lair:8 exclusion: oklob plant
Swamp:2 exclusion: Roxanne, Roxanne


Innate Abilities, Weirdness & Mutations

You can translocate small distances at will.
You are resistant to electric shocks.
Your spells are a little harder to cast, but a little more powerful.
You evolve.
Your movements are slightly less encumbered by armour (ER -2).


Message History

The spriggan druid calls out to the beasts of the wild!
The six-headed hydra roars!
The eight-headed hydra roars!
The eight-headed hydra completely misses you.
The eight-headed hydra bites you but does no damage.
You block the eight-headed hydra's attack.
The eight-headed hydra barely misses you.
The eight-headed hydra bites you but does no damage.
The eight-headed hydra bites you!
* * * LOW HITPOINT WARNING * * *
The eight-headed hydra barely misses you.
The eight-headed hydra bites you.
* * * LOW HITPOINT WARNING * * *
The spriggan druid hits you but does no damage.
A hydra and a swamp drake come into view.
The eight-headed hydra roars!
The swamp drake roars!
You hear a roar! x3
The eight-headed hydra bites you but does no damage.
You block the eight-headed hydra's attack. x2
The eight-headed hydra bites you but does no damage.
The eight-headed hydra bites you!
You die...

≈≈,** ♣.≈≈≈≈≈.≈≈≈≈♣≈♣♣.≈≈≈≈≈≈.
,,,* ♣.≈≈≈≈.≈≈≈≈§.♣≈♣[≈≈..[..
≈*** ♣.......≈♣♣..♣♣.[....... **
****♣≈.≈≈≈.≈≈≈♣≈.♣♣≈≈≈...÷..
**,,*♣.≈≈≈≈≈≈.♣♣♣♣♣♣.........
*≈,.....§≈≈≈.♣♣♣ ♣♣≈≈≈.....
**♣.....≈≈≈≈...♣♣♣♣ ♣♣.≈..♣♣♣
♣≈..≈≈≈≈≈≈..≈.≈≈♣♣ ♣♣♣.♣♣♣♣
♣.≈≈§≈≈≈≈≈@(≈≈≈..♣ ♣♣♣♣♣.
******♣≈≈≈≈≈≈≈≈D≈.≈≈.♣♣♣ ♣≈≈
≈,,,**≈.≈≈≈.≈.≈.iD≈.♣♣ ♣♣♣ ♣♣≈≈
,≈≈≈,,≈,,≈k♣.≈≈♣♣k.♣♣ ♣♣≈♣♣♣♣..♣
,,≈*,≈≈≈,≈≈♣♣.♣♣≈≈f≈♣♣♣♣...♣♣≈≈♣#
****,≈≈≈,***♣♣♣♣.≈D♣≈..♣♣.≈♣≈≈♣#*
* *≈,≈≈,* ♣≈.§...kD≈..≈≈.♣#** *
****≈,* ♣♣.♣.D.DD.§...♣#*,, ****
♣♣♣≈...DDD..≈#*,,,


You could see a shambling mangrove, 2 eight-headed hydras, 3 six-headed hydras,
a swamp dragon, a spriggan druid and 3 swamp drakes.

Vanquished Creatures
  Norris (D:13)
  An Ice Fiend (IceCv)
  A tentacled monstrosity (Swamp:4)
  Frances (Swamp:2)
  2 thorn hunters
  Donald (D:12)
  An orc warlord (Orc:1)
  The ghost of tyrion the Unseen, a journeyman SpEn of Okawaru (Swamp:2)
  An ettin (Orc:1)
  The ghost of WhyteDragon the Blocker, a journeyman DsFi of Okawaru (Lair:1)
  Josephine (Lair:8)
  Erolcha (D:11)
  Snorg (Lair:8)
  14 hydras
  Harold (Orc:1)
  A catoblepas (Lair:8)
  Fannar (Lair:2)
  2 ghost crabs
  Erica (Lair:1)
  5 alligators
  A centaur warrior (D:13)
  13 death yaks
  An orc high priest (Orc:1)
  The ghost of valrus the Carver, a journeyman VSGl of Pakellas (D:10)
  Urug (Lair:1)
  Nergalle (Lair:2)
  2 large abominations (Abyss:1)
  2 spriggan druids
  2 unseen horrors
  5 swamp dragons
  4 orc knights
  3 hill giants
  2 shambling mangroves
  A hornet (Swamp:3)
  2 cyclopes
  A griffon (Lair:7)
  4 orc sorcerers
  11 slime creatures
  A sixfirhy (Abyss:1)
  2 ugly things
  6 black mambas
  15 elephants
  A smoke demon (Abyss:1)
  2 ice statues (IceCv)
  Psyche (D:8)
  24 spiny frogs
  A gargoyle (D:10)
  2 efreet (D:13)
  14 komodo dragons
  3 rime drakes
  13 ice devils (IceCv)
  6 giant leeches
  2 polar bears
  5 trolls
  8 bog bodies
  A two-headed ogre (D:12)
  26 blink frogs
  8 spriggans
  A shadow (D:12)
  3 wyverns
  4 wraiths
  3 basilisks
  40 yaks
  15 humans
  11 hippogriffs
  11 vampire mosquitoes
  19 swamp worms
  3 wargs (Orc:2)
  10 water moccasins
  7 porcupines
  3 black bears
  3 ice beasts
  7 swamp drakes
  11 wasps
  2 sky beasts (D:10)
  32 orc warriors
  6 phantoms
  9 wolves
  7 ogres
  7 centaurs
  7 crocodiles
  The ghost of TheGreatAvv the Skirmisher, an amateur GrBe of Trog (D:9)
  2 big kobolds
  The ghost of tyrion the Sneak, an amateur SpEn (D:4)
  A gnoll sergeant (D:11)
  23 giant frogs
  2 scorpions
  10 killer bees
  9 wights (D:10)
  2 spriggan skeletons (D:9)
  A troll skeleton (D:9)
  An electric eel (Lair:8)
  5 howler monkeys
  2 crimson imps
  A giant frog zombie (D:3)
  6 hounds
  2 quasits
  2 centaur zombies
  5 jellies
  3 centaur skeletons
  A giant frog skeleton (D:6)
  12 orc priests
  19 orc wizards
  A gnoll shaman (D:9)
  10 iguanas
  10 worker ants
  5 sheep
  A hound zombie (D:8)
  A hound skeleton (D:5)
  3 howler monkey zombies
  A worker ant zombie (D:8)
  6 gnolls
  14 adders
  13 river rats
  4 shadow imps
  14 white imps
  5 ufetubi (IceCv)
  An ooze (D:2)
  3 adder skeletons
  2 adder zombies (D:9)
  2 dart slugs (D:1)
  2 worms
  8 giant geckos
  61 orcs
  5 giant cockroaches
  5 goblins
  6 hobgoblins
  16 jackals
  A quokka (D:3)
  A ball python (D:3)
  3 bats
  5 giant newts
  14 kobolds
  A quokka skeleton (D:6)
  6 rats
  5 briar patches (Swamp:4)
  8 fungi
  3 plants
815 creatures vanquished.

Vanquished Creatures (collateral kills)
  A catoblepas (Lair:8)
  A death yak (Lair:8)
  A hill giant (D:13)
  An orc knight (Orc:2)
  An orc sorcerer (Orc:1)
  Maurice (Orc:1)
  A komodo dragon (Lair:5)
  A troll (Orc:2)
  A two-headed ogre (D:11)
  2 yaks (D:12)
  A hungry ghost (D:12)
  A human (D:13)
  A water moccasin (Lair:5)
  An ice beast (D:11)
  4 orc warriors
  2 giant frogs
  2 wights (D:10)
  A centaur zombie (D:11)
  A giant frog skeleton (D:11)
  2 gnolls (D:11)
  3 river rats (Lair:5)
  6 white imps (Swamp:4)
  2 orcs
38 creatures vanquished.

Vanquished Creatures (others)
  A spiny frog (Swamp:2)
  A big kobold (D:11)
  A centaur zombie (D:6)
  An orc wizard (D:6)
  2 white imps (IceCv)
  2 ufetubi (IceCv)
  An orc (D:6)
  3 briar patches
  21 fungi
  17 plants
50 creatures vanquished.

Grand Total: 903 creatures vanquished

Notes
Turn   | Place    | Note
--------------------------------------------------------------
     0 | D:1      | ourship the Hill Orc Fighter began the quest for the Orb.
     0 | D:1      | Reached XP level 1. HP: 19/19 MP: 1/1
   182 | D:1      | Reached skill level 4 in Fighting
   182 | D:1      | Reached XP level 2. HP: 27/27 MP: 2/2
   698 | D:1      | You fall through a shaft!
   717 | D:2      | Reached XP level 3. HP: 28/33 MP: 3/3
   968 | D:2      | Noticed Sigmund
  1032 | D:3      | Reached XP level 4. HP: 27/41 MP: 4/4
  1172 | D:3      | Found a faded altar to an unknown god.
  1257 | D:3      | Found a glowing drain.
  1522 | D:4      | Reached skill level 5 in Fighting
  1522 | D:4      | Reached skill level 5 in Axes
  1665 | D:4      | Noticed tyrion's ghost (amateur SpEn)
  1672 | D:4      | Reached XP level 5. HP: 48/48 MP: 5/5
  1673 | D:4      | Killed tyrion's ghost
  1873 | D:5      | Entered Level 5 of the Dungeon
  1930 | D:5      | Reached skill level 6 in Fighting
  1930 | D:5      | Reached XP level 6. HP: 54/57 MP: 6/6
  2151 | D:5      | Found a staircase to the Ecumenical Temple.
  2157 | Temple   | Entered the Ecumenical Temple
  2900 | D:5      | Found an opulent altar of Gozag.
  2957 | D:5      | Found a basalt altar of Yredelemnul.
  3049 | D:6      | Noticed a water moccasin
  3061 | D:6      | Killed a water moccasin
  3061 | D:6      | Reached XP level 7. HP: 52/64 MP: 7/7
  3064 | D:6      | Reached skill level 7 in Fighting
  3440 | D:5      | Found a blossoming altar of Fedhas.
  3441 | D:5      | Found a deep blue altar of Sif Muna.
  4058 | D:6      | Reached skill level 8 in Fighting
  4058 | D:6      | Reached XP level 8. HP: 73/74 MP: 8/8
  4614 | D:6      | Found a radiant altar of Vehumet.
  4864 | D:6      | Reached skill level 9 in Fighting
  5223 | D:7      | Noticed a hill giant
  5242 | D:7      | Killed a hill giant
  5242 | D:7      | Reached skill level 10 in Fighting
  5242 | D:7      | Reached skill level 10 in Axes
  5242 | D:7      | Reached XP level 9. HP: 85/85 MP: 9/9
  5243 | D:7      | Gained mutation: Your magical capacity is low (-10% MP). [potion of mutation]
  5243 | D:7      | Gained mutation: You evolve. [potion of mutation]
  5243 | D:7      | Gained mutation: You can translocate small distances at will. [potion of mutation]
  6403 | D:7      | Lost mutation: Your magical capacity is low (-10% MP). [evolution]
  6597 | D:6      | Reached skill level 11 in Fighting
  8071 | D:8      | Noticed Psyche
  8103 | D:8      | Killed Psyche
  8601 | D:8      | Reached XP level 10. HP: 89/97 MP: 10/10
  8796 | D:8      | Reached skill level 12 in Fighting
 10331 | D:9      | Killed an unseen horror
 10730 | D:9      | Reached skill level 5 in Armour
 10733 | D:9      | Noticed TheGreatAvv's ghost (amateur GrBe)
 10789 | D:9      | Killed TheGreatAvv's ghost
 10796 | D:9      | Found an iron altar of Okawaru.
 10797 | D:9      | Found a bloodstained altar of Trog.
 10801 | D:9      | Reached skill level 13 in Fighting
 10811 | D:9      | Became a worshipper of Trog the Wrathful
 11328 | D:9      | Found an oddly glowing altar of Pakellas.
 11469 | D:10     | Entered Level 10 of the Dungeon
 11751 | D:10     | Noticed a gargoyle
 11753 | D:10     | Noticed a hill giant
 11969 | D:10     | Killed a gargoyle
 12005 | D:10     | Killed a hill giant
 12005 | D:10     | Reached XP level 11. HP: 83/108 MP: 11/11
 12340 | D:10     | Reached skill level 14 in Fighting
 12470 | D:10     | Noticed valrus's ghost (journeyman VSGl)
 12913 | D:10     | Reached * piety under Trog
 12919 | D:10     | Gained mutation: You possess an exceptional clarity of mind. [mutagenic meat]
 12921 | D:10     | Gained mutation: You tend to lose your temper in combat. [mutagenic meat]
 12923 | D:10     | Gained mutation: Your body sometimes deteriorates upon taking damage. [mutagenic meat]
 12924 | D:10     | Lost mutation: You tend to lose your temper in combat. [mutagenic meat]
 13218 | D:10     | Killed valrus's ghost
 13369 | D:10     | Lost mutation: Your body sometimes deteriorates upon taking damage. [helix card]
 13369 | D:10     | Gained mutation: Your spells are a little harder to cast, but a little more powerful. [helix card]
 13370 | D:10     | Hired Onwin the big kobold for 96 gold.
 13771 | D:11     | Found a staircase to the Lair.
 13789 | D:11     | Your ally Onwin died
 14175 | Lair:1   | Entered Level 1 of the Lair of Beasts
 14204 | Lair:1   | Noticed WhyteDragon's ghost (journeyman DsFi)
 14247 | Lair:1   | Killed WhyteDragon's ghost
 14247 | Lair:1   | Reached skill level 15 in Axes
 14495 | Lair:1   | Noticed Urug
 14526 | Lair:1   | Killed Urug
 14526 | Lair:1   | Reached skill level 15 in Fighting
 14867 | Lair:1   | Identified a scroll of acquirement
 15030 | Lair:1   | Reached XP level 12. HP: 109/121 MP: 12/12
 15065 | Lair:1   | Reached ** piety under Trog
 15567 | Lair:1   | Reached skill level 16 in Fighting
 15777 | Lair:2   | Noticed Erica
 15791 | Lair:1   | Killed Erica
 16226 | Lair:2   | Noticed Fannar
 16239 | Lair:2   | Killed Fannar
 16328 | Lair:2   | Noticed Nergalle
 16338 | Lair:2   | Killed Nergalle
 16363 | Lair:2   | Reached *** piety under Trog
 16382 | Lair:2   | Reached skill level 17 in Fighting
 16493 | Lair:2   | Gained mutation: Your flesh is cold resistant. [evolution]
 16963 | Lair:3   | Reached XP level 13. HP: 118/132 MP: 13/13
 18849 | Lair:4   | Reached **** piety under Trog
 19156 | Lair:4   | Found a staircase to the Swamp.
 20190 | Lair:6   | Reached skill level 18 in Fighting
 20223 | Lair:6   | Gained mutation: You are resistant to electric shocks. [potion of beneficial mutation]
 20983 | Lair:7   | Reached ***** piety under Trog
 21301 | Lair:7   | Received a gift from Trog
 21622 | Lair:7   | Reached XP level 14. HP: 131/144 MP: 14/14
 22287 | Lair:8   | Entered Level 8 of the Lair of Beasts
 22294 | Lair:8   | Noticed Snorg
 22307 | Lair:8   | Killed Snorg
 22307 | Lair:8   | Reached skill level 10 in Armour
 22391 | Lair:8   | Reached skill level 19 in Fighting
 22547 | Lair:8   | Noticed Josephine
 22579 | Lair:8   | Killed Josephine
 23095 | Lair:8   | Lost mutation: You possess an exceptional clarity of mind. [evolution]
 24197 | Lair:8   | Reached skill level 20 in Fighting
 24381 | Swamp:1  | Entered Level 1 of the Swamp
 24651 | D:11     | Cast into level 1 of the Abyss (gnoll sergeant)
 24885 | Abyss:1  | Noticed a bone dragon
 25021 | Abyss:1  | Noticed a cacodemon
 25030 | D:11     | Escaped the Abyss
 25247 | D:11     | Reached XP level 15. HP: 140/155 MP: 15/15
 25291 | D:11     | Found a roughly hewn altar of Beogh.
 25291 | D:11     | Found a staircase to the Orcish Mines.
 25314 | Orc:1    | Entered Level 1 of the Orcish Mines
 25328 | Orc:1    | Received a gift from Trog
 25343 | Orc:1    | Noticed Harold
 25353 | Orc:1    | Killed Harold
 25562 | Orc:1    | Noticed Erolcha
 25563 | Orc:1    | Noticed Maurice
 25574 | Orc:1    | Paralysed by Erolcha for 5 turns
 25594 | D:11     | Killed Erolcha
 25739 | Orc:1    | Found a roughly hewn altar of Beogh.
 25765 | Orc:1    | Killed Maurice
 26131 | Orc:2    | Entered Level 2 of the Orcish Mines
 26179 | Orc:2    | Found a roughly hewn altar of Beogh.
 26236 | Orc:2    | Found Sosmul's General Store.
 26435 | Orc:2    | Bought a scroll of identify for 28 gold pieces
 26443 | Orc:2    | Noticed an orc warlord
 27223 | Orc:1    | Killed an orc warlord
 27463 | Orc:2    | Found Pogro's Antique Armour Emporium.
 27482 | Orc:2    | Found a staircase to the Elven Halls.
 27495 | Orc:2    | Found Fepeas's Antique Weapon Shop.
 27498 | Orc:2    | Paralysed by an orc sorcerer for 4 turns
 27619 | Orc:2    | Found Pero Qed's Jewellery Shoppe.
 27627 | Orc:2    | Bought a cursed ring of teleportation for 67 gold pieces
 27627 | Orc:2    | Bought an uncursed ring of protection from fire for 375 gold pieces
 27627 | Orc:2    | Bought an uncursed amulet of guardian spirit for 450 gold pieces
 27785 | Orc:2    | Bought a bread ration for 70 gold pieces
 27785 | Orc:2    | Bought a scroll of remove curse for 42 gold pieces
 28379 | D:12     | Gained mutation: Your movements are slightly less encumbered by armour (ER -2). [evolution]
 28951 | D:12     | Reached skill level 21 in Fighting
 29130 | D:13     | Found a gate to the Vaults.
 29130 | D:13     | Noticed Donald
 29130 | D:13     | Noticed Norris
 29148 | D:12     | Killed Donald
 29425 | D:13     | Killed Norris
 29425 | D:13     | Reached skill level 5 in Shields
 29752 | D:13     | Found Tilocisk's General Store.
 29760 | D:13     | Bought a scroll of teleportation for 54 gold pieces
 29760 | D:13     | Bought the +1 ring mail of Qeynn {*Corrode rPois Dex+6} for 489 gold pieces
 31366 | Swamp:1  | Reached XP level 16. HP: 126/167 MP: 5/16
 32783 | Swamp:1  | Lost mutation: Your flesh is cold resistant. [evolution]
 32868 | Swamp:2  | Noticed Roxanne
 33000 | Swamp:2  | Noticed tyrion's ghost (journeyman SpEn)
 33022 | Swamp:2  | Killed tyrion's ghost
 33197 | Swamp:2  | Received a gift from Trog
 33540 | Swamp:2  | Reached skill level 1 in Polearms
 34283 | Swamp:2  | Noticed Frances
 34308 | Swamp:2  | Killed Frances
 35311 | Swamp:3  | Reached skill level 15 in Armour
 35591 | Swamp:3  | Noticed a thorn hunter
 35611 | Swamp:3  | Killed a thorn hunter
 36226 | Swamp:4  | Entered Level 4 of the Swamp
 36226 | Swamp:4  | Noticed a tentacled monstrosity
 36239 | Swamp:4  | Killed a tentacled monstrosity
 36239 | Swamp:4  | Reached skill level 22 in Fighting
 36506 | Swamp:4  | Found a frozen archway.
 36544 | IceCv    | Entered an ice cave
 36876 | IceCv    | Noticed an Ice Fiend
 36886 | IceCv    | Killed an Ice Fiend
 37446 | Swamp:4  | Reached XP level 17. HP: 156/176 MP: 15/17
 37565 | Swamp:4  | HP: 7/176 [eight-headed hydra[a spriggan druid] (6)]
 37565 | Swamp:4  | HP: 3/176 [eight-headed hydra[a spriggan druid] (4)]
 37566 | Swamp:4  | Slain by an eight-headed hydra

Skill      XL: |  1  2  3  4  5  6  7  8  9 10 11 12 13 14 15 16 |
---------------+-------------------------------------------------+-----
Fighting       | 4 5 6 8 10 11 13 15 17 18 20 21 22 | 22.2
Axes           | 3 4 5 6 7 8 10 12 13 15 17 18 | 18.9
Armour         | 5 9 12 14 15 | 15.6
Shields        | 6 8 |  8.2
Polearms       | 3 |  3.5

Action                   |  1- 3 |  4- 6 |  7- 9 | 10-12 | 13-15 | 16-18 || total
-------------------------+-------+-------+-------+-------+-------+-------++-------
Melee: War axe           |    61 |   111 |   391 |   572 |    86 |       ||  1221
       Broad axe         |       |       |       |   200 |   898 |   399 ||  1497
       Glaive            |       |       |       |       |       |    50 ||    50
Throw: Stone             |       |       |       |     7 |       |       ||     7
Invok: Burn Spellbooks   |       |       |       |     2 |     3 |       ||     5
       Berserk           |       |       |       |     6 |    25 |    14 ||    45
       Brothers in Arms  |       |       |       |       |    13 |     4 ||    17
       Trog's Hand       |       |       |       |       |     1 |       ||     1
 Abil: Blink             |       |       |       |     3 |     4 |     1 ||     8
Evoke: Deck              |       |       |       |     9 |     1 |       ||    10
  Use: Scroll            |     8 |     7 |     7 |    17 |    24 |     8 ||    71
       Potion            |       |     3 |     7 |     7 |     8 |     9 ||    34
 Stab: Invisible         |       |       |       |     5 |     1 |       ||     6
  Eat: Chunk             |       |     3 |    11 |    32 |    36 |    12 ||    94
       Meat ration       |       |     1 |     1 |       |     3 |       ||     5
       Pizza             |       |       |     1 |     1 |     2 |       ||     4
       Beef jerky        |       |       |     1 |     2 |     3 |       ||     6
       Royal jelly       |       |       |       |     1 |     2 |     1 ||     4
       Fruit             |       |       |       |     2 |    17 |     4 ||    23
       Bread ration      |       |       |       |       |       |     4 ||     4
Armor: Scale mail        |    30 |     7 |       |       |       |       ||    37
       Gold dragon armou |       |    77 |   262 |   490 |   642 |   401 ||  1872
       Skin              |       |       |       |    51 |       |       ||    51
       Ring mail         |       |       |       |       |    25 |    10 ||    35
Dodge: Dodged            |    24 |     7 |    10 |    39 |   135 |   107 ||   322
Block: Shield            |    45 |    60 |   165 |   266 |   411 |   230 ||  1177
       Large shield      |       |       |       |       |    45 |       ||    45
       Reflection        |       |       |       |       |     2 |     4 ||     6
